NYPL
NIAGARA FALLS RAPIDS @ SUMMIT RED DRAGONS
07/08/1982
 
TOP OF THE 1ST
Niagara Falls Rapids batting - Pitching for Summit Red Dragons : RHP Steven Raine
Pitching: RHP Steven Raine
Batting: RHB Jeffrey Whelan 0-0: Called Strike
0-1: Fly out, F9 (Flyball, 89D, EV 91.3 MPH)
Batting: RHB Luis Hidalgo 0-0: Ball
1-0: Foul Ball, location: 2F
1-1: Reached via error on a dropped throw from 1B, E1 (Groundball, 34S, EV 88.8 MPH)
Batting: SHB Cecil Espy 0-0: SINGLE (Line Drive, 8RS, EV 103.1 MPH)
Luis Hidalgo to second
Runner from 2nd tries for 3rd, SAFE, no throw by CF
Batting: LHB Pat Hodge 0-0: Called Strike
Cecil Espy steals 2nd base
0-1: Foul Ball, location: 2F
0-2: Ball
1-2: Foul Ball, location: 2F
1-2: Fly out, F8 (Flyball, 89D, EV 96.3 MPH)
Runner from 3rd tags up, SCORES, throw by CF
Cecil Espy to third
Batting: RHB Milo Choate 0-0: Called Strike
0-1: Foul Ball, location: 2F
0-2: Foul Ball, location: 2F
0-2: Ball
1-2: Ball
2-2: Ball
Wild Pitch!
Cecil Espy scores
3-2: DOUBLE (Groundball, 5L, EV 108.1 MPH)
Batting: LHB Joe Vavra 0-0: Called Strike
0-1: Ball
1-1: Ball
2-1: Swinging Strike
2-2: Ground out 1-3 (Groundball, 13, EV 69.4 MPH)
Top of the 1st over - 2 runs, 2 hits, 1 error, 1 left on base; Niagara Falls 2 - Summit 0
BOTTOM OF THE 1ST
Summit Red Dragons batting - Pitching for Niagara Falls Rapids : RHP Edward Koziol
Pitching: RHP Edward Koziol
Batting: RHB Dana Williams 0-0: Ball
1-0: SINGLE (Line Drive, 56D, EV 96.9 MPH)
Batting: LHB Dion Lowe 0-0: Ball
1-0: Fielders Choice at 2nd, 5-4 (Groundball, 56S, EV 86.3 MPH)
Batting: SHB Mark T McLemore 0-0: Ball
1-0: Fielders Choice at 2nd, 3-6 (Groundball, 3, EV 101.3 MPH)
Batting: RHB Kash Beauchamp 0-0: Called Strike
0-1: DOUBLE (Line Drive, 78M, EV 87.5 MPH)
Mark T McLemore to third
Runner from 3rd tries for Home, throw by LF and OUT! 7-6-2
Bottom of the 1st over - 0 runs, 2 hits, 0 errors, 1 left on base; Niagara Falls 2 - Summit 0
TOP OF THE 2ND
Niagara Falls Rapids batting - Pitching for Summit Red Dragons : RHP Steven Raine
Batting: LHB Ronald Rudd 0-0: Foul Ball, location: 2F
0-1: Fly out, F8 (Flyball, 8RD, EV 94.4 MPH)
Batting: LHB Michael Jones 0-0: Ball
1-0: Ball
2-0: Swinging Strike
2-1: SINGLE (Flyball, 9S, EV 89.4 MPH)
Batting: RHB Alexander Dovalis 0-0: Swinging Strike
Michael Jones steals 2nd base
0-1: Fly out, F7 (Flyball, 7D, EV 95.0 MPH)
Batting: RHB Jeffrey Whelan 0-0: Ball
1-0: Called Strike
1-1: Called Strike
1-2: Strikes out swinging
Top of the 2nd over - 0 runs, 1 hit, 0 errors, 1 left on base; Niagara Falls 2 - Summit 0
BOTTOM OF THE 2ND
Summit Red Dragons batting - Pitching for Niagara Falls Rapids : RHP Edward Koziol
Batting: LHB Tony Medina 0-0: Ball
1-0: Called Strike
1-1: Foul Ball, location: 2F
1-2: Ground out U3 (Groundball, 13, EV 80.0 MPH)
Batting: RHB Glenn Swires 0-0: Ball
1-0: Ball
2-0: Swinging Strike
2-1: Ball
3-1: Foul Ball, location: 2F
3-2: Strikes out swinging
Batting: LHB James Donnelly 0-0: Ball
1-0: Ball
2-0: Foul Ball, location: 2F
2-1: Ball
3-1: Base on Balls
Batting: RHB Colacito Sanchez 0-0: Ball
1-0: Called Strike
1-1: Foul Ball, location: 2F
1-2: Foul Ball, location: 2F
1-2: Ball
2-2: Strikes out swinging
Bottom of the 2nd over - 0 runs, 0 hits, 0 errors, 1 left on base; Niagara Falls 2 - Summit 0
TOP OF THE 3RD
Niagara Falls Rapids batting - Pitching for Summit Red Dragons : RHP Steven Raine
Batting: RHB Luis Hidalgo 0-0: Ball
1-0: SINGLE (Groundball, 5S, EV 70.0 MPH) (infield hit)
Batting: SHB Cecil Espy 0-0: Called Strike
0-1: Ball
1-1: Ball
2-1: Ball
3-1: Base on Balls
Luis Hidalgo to second
Batting: LHB Pat Hodge 0-0: Called Strike
0-1: Foul Ball, location: 2F
0-2: Ball
1-2: Ball
2-2: Ball
3-2: Foul Ball, location: 2F
3-2: Base on Balls
Luis Hidalgo to third
Cecil Espy to second
Batting: RHB Milo Choate 0-0: Foul Ball, location: 2F
0-1: Ball
1-1: Ball
2-1: Ball
3-1: Base on Balls
Luis Hidalgo scores
Cecil Espy to third
Pat Hodge to second
Batting: LHB Joe Vavra 0-0: Ball
1-0: Ball
2-0: Called Strike
2-1: Ground out 6-3 (Groundball, 6M, EV 84.4 MPH)
Cecil Espy scores
Pat Hodge to third
Milo Choate to second
Batting: LHB Ronald Rudd 0-0: Foul Ball, location: 2F
0-1: Ground out 5-3 (Groundball, 15, EV 83.1 MPH)
Pat Hodge scores
Batting: LHB Michael Jones 0-0: SINGLE (Line Drive, 78S, EV 99.4 MPH)
Milo Choate to third
Runner from 3rd tries for Home, SAFE, throw by LF to home
Batting: RHB Alexander Dovalis 0-0: Ball
1-0: Called Strike
1-1: Foul Ball, location: 2F
1-2: Strikes out swinging
Top of the 3rd over - 4 runs, 2 hits, 0 errors, 1 left on base; Niagara Falls 6 - Summit 0
BOTTOM OF THE 3RD
Summit Red Dragons batting - Pitching for Niagara Falls Rapids : RHP Edward Koziol
Batting: RHB Kenneth Gordon 0-0: Called Strike
0-1: Fly out, F8 (Flyball, 8LXD, EV 96.9 MPH)
Batting: RHB Dana Williams 0-0: SINGLE (Line Drive, 7S, EV 100.0 MPH)
Batting: LHB Dion Lowe 0-0: Ball
1-0: Called Strike
1-1: Swinging Strike
1-2: Ball
2-2: Ball
3-2: Base on Balls
Dana Williams to second
Batting: SHB Mark T McLemore 0-0: Ball
1-0: Swinging Strike
1-1: Fly out, F7 (Flyball, 78D, EV 87.5 MPH)
Batting: RHB Kash Beauchamp 0-0: Called Strike
0-1: Foul Ball, location: 2F
0-2: Foul Ball, location: 2F
0-2: Foul Ball, location: 2F
0-2: Fly out, F7 (Line Drive, 7, EV 95.0 MPH)
Bottom of the 3rd over - 0 runs, 1 hit, 0 errors, 2 left on base; Niagara Falls 6 - Summit 0
TOP OF THE 4TH
Niagara Falls Rapids batting - Pitching for Summit Red Dragons : RHP Steven Raine
Batting: RHB Jeffrey Whelan 0-0: Ground out 5-3 (Groundball, 56S, EV 73.8 MPH)
Batting: RHB Luis Hidalgo 0-0: Swinging Strike
0-1: Foul Ball, location: 2F
0-2: Foul Ball, location: 2F
0-2: Ground out 4-3 (Groundball, 4S, EV 85.0 MPH)
Batting: SHB Cecil Espy 0-0: Ground out 6-3 (Groundball, 6S, EV 70.0 MPH)
Top of the 4th over - 0 runs, 0 hits, 0 errors, 0 left on base; Niagara Falls 6 - Summit 0
BOTTOM OF THE 4TH
Summit Red Dragons batting - Pitching for Niagara Falls Rapids : RHP Edward Koziol
Batting: LHB Tony Medina 0-0: Ball
1-0: Ball
2-0: Called Strike
2-1: Ball
3-1: Foul Ball, location: 2F
3-2: Foul Ball, location: 2F
3-2: Ground out 6-3 (Groundball, 6, EV 90.6 MPH)
Batting: RHB Glenn Swires 0-0: Ground out 4-3 (Groundball, 4, EV 104.4 MPH)
Batting: LHB James Donnelly 0-0: Foul Ball, location: 2F
0-1: Ball
1-1: Swinging Strike
1-2: Ball
2-2: Ball
3-2: Fly out, F9 (Line Drive, 9, EV 96.9 MPH)
Bottom of the 4th over - 0 runs, 0 hits, 0 errors, 0 left on base; Niagara Falls 6 - Summit 0
TOP OF THE 5TH
Niagara Falls Rapids batting - Pitching for Summit Red Dragons : RHP Steven Raine
Batting: LHB Pat Hodge 0-0: Ball
1-0: Ground out 6-3 (Groundball, 6, EV 102.5 MPH)
Batting: RHB Milo Choate 0-0: Called Strike
0-1: Foul Ball, location: 2F
0-2: Ball
1-2: Ball
2-2: Fly out, F8 (Flyball, 8LM, EV 96.9 MPH)
Batting: LHB Joe Vavra 0-0: Foul Ball, location: 2F
0-1: SINGLE (Line Drive, 89S, EV 95.6 MPH)
Batting: LHB Ronald Rudd 0-0: Ball
1-0: Ball
2-0: Ball
3-0: Swinging Strike
3-1: Base on Balls
Joe Vavra to second
Batting: LHB Michael Jones 0-0: Called Strike
0-1: Ball
1-1: Ball
2-1: Ground out 4-3 (Groundball, 4, EV 84.4 MPH)
Top of the 5th over - 0 runs, 1 hit, 0 errors, 2 left on base; Niagara Falls 6 - Summit 0
BOTTOM OF THE 5TH
Summit Red Dragons batting - Pitching for Niagara Falls Rapids : RHP Edward Koziol
Batting: RHB Colacito Sanchez 0-0: Called Strike
0-1: Ball
1-1: Foul Ball, location: 2F
1-2: Fly out, F7 (Flyball, 7, EV 83.1 MPH)
Batting: RHB Kenneth Gordon 0-0: Called Strike
0-1: DOUBLE (Flyball, 78XD, EV 99.4 MPH)
Batting: RHB Dana Williams 0-0: Ground out 5-3 (Groundball, 56, EV 90.6 MPH)
Batting: LHB Dion Lowe 0-0: Foul Ball, location: 2F
0-1: Swinging Strike
0-2: Ball
1-2: Foul Ball, location: 2F
1-2: Fly out, F8 (Line Drive, 8LM, EV 98.8 MPH)
Bottom of the 5th over - 0 runs, 1 hit, 0 errors, 1 left on base; Niagara Falls 6 - Summit 0
TOP OF THE 6TH
Niagara Falls Rapids batting - Pitching for Summit Red Dragons : RHP Steven Raine
Batting: RHB Alexander Dovalis 0-0: Called Strike
0-1: Fly out, F4 (Line Drive, 4, EV 65.6 MPH)
Batting: RHB Jeffrey Whelan 0-0: Ball
1-0: Foul Ball, location: 2F
1-1: Foul Ball, location: 2F
1-2: Strikes out swinging
Batting: RHB Luis Hidalgo 0-0: Ball
1-0: Ball
2-0: Fly out, F9 (Flyball, 89D, EV 98.8 MPH)
Top of the 6th over - 0 runs, 0 hits, 0 errors, 0 left on base; Niagara Falls 6 - Summit 0
BOTTOM OF THE 6TH
Summit Red Dragons batting - Pitching for Niagara Falls Rapids : RHP Edward Koziol
Batting: SHB Mark T McLemore 0-0: Ground out 5-3 (Groundball, 56, EV 78.8 MPH)
Batting: RHB Kash Beauchamp 0-0: Fly out, F8 (Flyball, 8LD, EV 103.8 MPH)
Batting: LHB Tony Medina 0-0: Ball
1-0: Called Strike
1-1: Ball
2-1: Ball
3-1: Swinging Strike
3-2: Foul Ball, location: 2F
3-2: Base on Balls
Batting: RHB Glenn Swires 0-0: Ball
1-0: Called Strike
1-1: Ball
2-1: SINGLE (Groundball, 6S, EV 66.9 MPH) (infield hit)
Tony Medina to second
Batting: LHB James Donnelly 0-0: Ball
1-0: Ball
2-0: Ball
3-0: Base on Balls
Tony Medina to third
Glenn Swires to second
Batting: RHB Colacito Sanchez 0-0: Ball
1-0: Ball
2-0: Ball
3-0: Foul Ball, location: 2F
3-1: Called Strike
3-2: Strikes out looking
Bottom of the 6th over - 0 runs, 1 hit, 0 errors, 3 left on base; Niagara Falls 6 - Summit 0
TOP OF THE 7TH
Niagara Falls Rapids batting - Pitching for Summit Red Dragons : RHP Steven Raine
Pitching: RHP John White
Batting: SHB Cecil Espy 0-0: Ball
1-0: Called Strike
1-1: DOUBLE (Line Drive, 9LM, EV 105.6 MPH)
Batting: LHB Pat Hodge 0-0: Ball
1-0: Swinging Strike
1-1: Foul Ball, location: 2F
1-2: Foul Ball, location: 2F
1-2: Foul Ball, location: 2F
1-2: Ball
2-2: Foul Ball, location: 2F
2-2: SINGLE (Groundball, 4MD, EV 103.8 MPH)
Cecil Espy to third
Runner from 3rd tries for Home, SAFE, throw by CF to home
Batting: RHB Milo Choate 0-0: Called Strike
0-1: SINGLE (Groundball, 56D, EV 101.9 MPH)
Pat Hodge to second
Pinch Hitting: LHB Billy Bowen 0-0: Ground out 6-3 (Groundball, 6M, EV 102.5 MPH)
Pat Hodge to third
Milo Choate to second
Batting: LHB Ronald Rudd 0-0: Called Strike
0-1: Called Strike
0-2: Strikes out looking
Batting: LHB Michael Jones 0-0: Ball
1-0: Ball
2-0: Ball
3-0: Base on Balls
Batting: RHB Alexander Dovalis 0-0: Ball
1-0: Called Strike
1-1: Foul Ball, location: 2F
1-2: Ground out 1-3 (Groundball, 13S, EV 74.4 MPH)
Top of the 7th over - 1 run, 3 hits, 0 errors, 3 left on base; Niagara Falls 7 - Summit 0
BOTTOM OF THE 7TH
Summit Red Dragons batting - Pitching for Niagara Falls Rapids : RHP Edward Koziol
Now at 1B: Billy Bowen
Batting: RHB Kenneth Gordon 0-0: Ball
1-0: Called Strike
1-1: Fly out, F4 (Popup, 4S, EV 78.8 MPH)
Pinch Hitting: LHB Timothy Knapp 0-0: Called Strike
0-1: Foul Ball, location: 2F
0-2: Ball
1-2: Ball
2-2: Strikes out swinging
Batting: LHB Dion Lowe 0-0: Fly out, F8 (Line Drive, 8LD, EV 95.0 MPH)
Bottom of the 7th over - 0 runs, 0 hits, 0 errors, 0 left on base; Niagara Falls 7 - Summit 0
TOP OF THE 8TH
Niagara Falls Rapids batting - Pitching for Summit Red Dragons : RHP John White
Now in LF: Ronald Cashore
Batting: RHB Jeffrey Whelan 0-0: Ball
1-0: Swinging Strike
1-1: Ball
2-1: Fly out, F9 (Line Drive, 9, EV 86.9 MPH)
Batting: RHB Luis Hidalgo 0-0: Called Strike
0-1: Ball
1-1: SINGLE (Groundball, 5S, EV 77.5 MPH) (infield hit)
Batting: SHB Cecil Espy 0-0: Ball
1-0: Called Strike
1-1: Ball
2-1: Foul Ball, location: 2F
2-2: SINGLE (Groundball, 56D, EV 107.5 MPH) (infield hit)
Luis Hidalgo to second
Batting: LHB Pat Hodge 0-0: Called Strike
0-1: Ground out 6-3 (Groundball, 6S, EV 77.5 MPH)
Luis Hidalgo to third
Cecil Espy to second
Batting: RHB Milo Choate 0-0: Ball
1-0: Foul Ball, location: 2F
1-1: Ball
2-1: Ball
3-1: Foul Ball, location: 2F
3-2: Base on Balls
Batting: LHB Billy Bowen 0-0: Foul Ball, location: 2F
0-1: Ball
1-1: Swinging Strike
1-2: Ball
2-2: Foul Ball, location: 2F
2-2: Fielders Choice at 2nd, 5-4 (Groundball, 5L, EV 91.9 MPH)
Top of the 8th over - 0 runs, 2 hits, 0 errors, 3 left on base; Niagara Falls 7 - Summit 0
BOTTOM OF THE 8TH
Summit Red Dragons batting - Pitching for Niagara Falls Rapids : RHP Edward Koziol
Pinch Hitting: SHB Wilmont Reedy 0-0: Swinging Strike
0-1: Ball
1-1: Ball
2-1: Swinging Strike
2-2: Strikes out looking
Batting: RHB Kash Beauchamp 0-0: Ball
1-0: Ball
2-0: Ball
3-0: Base on Balls
Batting: LHB Tony Medina 0-0: Ball
1-0: Foul Ball, location: 2F
1-1: Ball
2-1: Fly out, F6 (Popup, 6M, EV 70.0 MPH)
Batting: RHB Glenn Swires 0-0: Ball
1-0: Fly out, F7 (Flyball, 7, EV 98.1 MPH)
Bottom of the 8th over - 0 runs, 0 hits, 0 errors, 1 left on base; Niagara Falls 7 - Summit 0
TOP OF THE 9TH
Niagara Falls Rapids batting - Pitching for Summit Red Dragons : RHP John White
Now at 2B: Wilmont Reedy
Batting: LHB Ronald Rudd 0-0: Ball
1-0: SINGLE (Groundball, 34D, EV 96.9 MPH)
Pitching: RHP Kevin Priessman
Batting: LHB Michael Jones 0-0: Called Strike
0-1: Called Strike
0-2: Strikes out looking
Batting: RHB Alexander Dovalis 0-0: Ball
1-0: Swinging Strike
1-1: Ball
2-1: Ball
3-1: Base on Balls
Ronald Rudd to second
Batting: RHB Jeffrey Whelan 0-0: SINGLE (Groundball, 6D, EV 103.8 MPH)
Ronald Rudd to third
Alexander Dovalis to second
Runner from 3rd tries for Home, SAFE, throw by CF to home
Batting: RHB Luis Hidalgo 0-0: Ball
1-0: SINGLE (Line Drive, 3D, EV 97.5 MPH)
Alexander Dovalis to third
Jeffrey Whelan to second
Batting: SHB Cecil Espy 0-0: Ball
1-0: Ball
2-0: Called Strike
2-1: Swinging Strike
2-2: Strikes out swinging
Batting: LHB Pat Hodge 0-0: Ball
1-0: Foul Ball, location: 2F
1-1: Swinging Strike
1-2: Ball
2-2: Ball
3-2: Base on Balls
Alexander Dovalis scores
Jeffrey Whelan to third
Luis Hidalgo to second
Batting: RHB Milo Choate 0-0: Ball
1-0: Ball
2-0: Foul Ball, location: 2F
2-1: Foul Ball, location: 2F
2-2: Foul Ball, location: 2F
2-2: Ball
3-2: Fly out, F4 (Popup, 34D, EV 69.4 MPH)
Top of the 9th over - 2 runs, 3 hits, 0 errors, 3 left on base; Niagara Falls 9 - Summit 0
BOTTOM OF THE 9TH
Summit Red Dragons batting - Pitching for Niagara Falls Rapids : RHP Edward Koziol
Batting: LHB James Donnelly 0-0: Ball
1-0: Fly out, F9 (Flyball, 9, EV 90.6 MPH)
Batting: RHB Colacito Sanchez 0-0: Fly out, F7 (Flyball, 7D, EV 93.1 MPH)
Batting: RHB Kenneth Gordon 0-0: Ball
1-0: Called Strike
1-1: Fly out, F8 (Line Drive, 8RD, EV 96.9 MPH)
Bottom of the 9th over - 0 runs, 0 hits, 0 errors, 0 left on base; Niagara Falls 9 - Summit 0
Thursday, August 13th, 2020 - OOTP Baseball 21.5 Build 76